AoeStats
← drakilouxD

Lombardia

509500600Analyzed
2v2 RM · 6d ago on Sep 27, 2026· 47m 13s· 4 players
Game mode
Random Map
Map size
Medium (4 player)
Population
200
Speed
Normal
Resources
Standard
Victory
Conquest
Starting age
Dark Age
Ending age
Imperial Age
RankedLock teamsTeams togetherTeam positionsShared explorationLock speedFull tech treeHidden civsTurbo modeCheats
Victory
Defeat
🇲🇽 Khmer · Mexico
1146
+15
🇳🇮 Celts · Nicaragua
989
+22
🇫🇷 Jurchens · France
1131
-19
🇫🇷 Danes · France
1109
-18
Tito_kratos003
4:02 Loom
12:00 Feudal Age
13:34 Double-Bit Axe
15:30 Horse Collar
20:08 Castle Age
26:16 Bow Saw
27:27 Gold Mining
30:13 Imperial Age
27:57 Arson
32:05 Chemistry
31:50 Wheelbarrow
33:14 Furor Celtica
34:07 Gold Shaft Mining
33:47 Murder Holes
36:05 Hand Cart
36:13 Crossbowman
38:17 Padded Archer Armor
38:07 Fletching
39:36 Leather Archer Armor
39:25 Heavy Scorpion
43:28 Heavy Plow
45:52 Scale Mail Armor
46:03 Forging
46:02 Siege Engineers
46:19 Ballistics
46:45 Stone Mining
CCM | Zero
6:12 Loom
8:30 Feudal Age
16:11 Forging
17:07 Wheelbarrow
17:35 Double-Bit Axe
18:58 Scale Barding Armor
21:43 Bloodlines
23:46 Castle Age
24:27 Light Cavalry
25:07 Husbandry
26:40 Iron Casting
25:58 Town Watch
32:00 Chain Barding Armor
34:31 Hand Cart
34:19 Town Patrol
39:34 Horse Collar
42:59 Imperial Age
44:12 Cavalier
45:13 Fletching
46:42 Bow Saw
48:09 Plate Barding Armor
48:34 Blast Furnace
47:07 Hussar
Akanii
12:15 Feudal Age
17:28 Castle Age
22:31 Loom
22:46 Double-Bit Axe
25:19 Wheelbarrow
25:49 Squires
28:07 Forging
28:00 Scale Mail Armor
29:18 Horse Collar
34:47 Town Watch
36:00 Pikeman
42:15 Bow Saw
42:48 Padded Archer Armor
42:41 Fletching
42:19 Elite Skirmisher
46:33 Iron Casting
46:15 Chain Mail Armor
drakilouxD
10:48 Feudal Age
12:38 Loom
17:21 Castle Age
15:36 Double-Bit Axe
20:16 Bow Saw
33:27 Hamask
35:05 Pikeman
37:23 Forging
37:13 Scale Mail Armor
39:22 Iron Casting
Connection lost

Rejoining the realm…

Still unreachable

The connection could not be restored.

Session expired

The server has moved on; the page needs a fresh start.